 Dungeon Crawl Stone Soup version 0.25.1-9-gc5326a611f (webtiles) character file.

Game seed: 15596562139292635273

53372 stebl the Stormcaller (level 14, -4/96 HPs)
             Began as a Tengu Air Elementalist on Dec 24, 2020.
             Was an Elder of Vehumet.
             Slain by a sixfirhy (12 damage)
             ... in a Gauntlet.
             The game lasted 02:24:14 (31855 turns).

stebl the Stormcaller (Tengu Air Elementalist)     Turns: 31855, Time: 02:24:15

Health: -4/96      AC:  8    Str: 12    XL:     14   Next: 68%
Magic:  15/27      EV: 39    Int: 21    God:    Vehumet [****..]
Gold:   1409       SH:  6    Dex: 21    Spells: 9/29 levels left

rFire    . . .     SeeInvis .   q - +0 whip
rCold    . . .     Gourm    .   E - +0 buckler
rNeg     . . .     Faith    .   R - +2 leather armour of Dishonour {Str+4}
rPois    .         Spirit   .   (helmet restricted)
rElec    .         Reflect  .   u - +1 cloak
rCorr    .         Harm     .   j - +0 pair of gloves
MR       +....     NoTele   +   (boots unavailable)
Stlth    +++.......             A - amulet of the acrobat
HPRegen  0.26/turn              D - +6 ring of dexterity
MPRegen  0.20/turn              Q - ring of stealth

@: acrobat, flying quickly and evasively, lightly drained, quick
A: beak, talons 3, able to fly
a: Stop Flying, Renounce Religion


You were in a Gauntlet.
You worshipped Vehumet.
Vehumet was greatly pleased with you.
You were not hungry.

You visited 3 branches of the dungeon, and saw 20 of its levels.
You also visited: Gauntlet.

You collected 1409 gold pieces.


Innate Abilities, Weirdness & Mutations

You have a beak for a mouth.
You have claws for feet.
You can fly continuously.


   Skills:
 - Level 14.0(13.5) Fighting
 + Level 11.1(10.6) Dodging
 - Level 2.0(1.6) Stealth
 - Level 4.0(3.6) Shields
 - Level 8.0(7.6) Spellcasting
 * Level 12.6(12.2) Conjurations
 + Level 15.3(14.9) Air Magic
 - Level 4.0(3.6) Poison Magic


You had 9 spell levels left.
You knew the following spells:

 Your Spells              Type           Power        Failure   Level  Hunger
f - Foxfire               Conj/Fire      ####         1%          1    None
i - Swiftness             Chrm/Air       #####...     1%          2    None
k - Airstrike             Air            ######....   1%          4    ###....
l - Lightning Bolt        Conj/Air       ######....   1%          5    #####..
o - Olgreb's Toxic Radia  Pois           ###.....     7%          4    ###....
t - Static Discharge      Conj/Air       ######..     1%          3    None
z - Shock                 Conj/Air       ####         1%          1    None

Your spell library contained the following spells:

 Spells                   Type           Power        Failure   Level  Hunger
 Irradiate                Conj/Tmut      ####......   7%          5    #####..
 Stone Arrow              Conj/Erth      ####..       1%          3    None
 Sandblast                Erth           #.....       3%          1    None
 Beastly Appendage        Tmut           #.....       12%         1    None
 Spider Form              Tmut/Pois      ###.......   16%         3    None
 Passwall                 Tmut/Erth      #.......     17%         2    None
 Sticks to Snakes         Tmut           #.......     17%         2    None
 Confusing Touch          Hex            #.......     34%         3    None
 Gell's Gravitas          Tloc           #.........   34%         3    None
 Lee's Rapid Deconstruct  Erth           #.........   58%         5    #####..
 Yara's Violent Unravell  Hex/Tmut       #.........   58%         5    #####..
 Ice Form                 Ice/Tmut       #.......     75%         4    ###....
 Petrify                  Tmut/Erth      #.......     75%         4    ###....
 Blade Hands              Tmut           #.........   97%         5    #####..
 Metabolic Englaciation   Hex/Ice        #.........   97%         5    #####..

Inventory:

Hand Weapons
 q - a +0 whip (weapon)
Missiles
 d - 522 stones (quivered)
 s - 4 throwing nets {=f}
Armour
 a - a +0 robe
 j - a +0 pair of gloves (worn)
 u - a +1 cloak (worn)
 E - a +0 buckler (worn)
 R - the +2 leather armour of Dishonour (worn) {Str+4}
   (You found it on level 6 of the Lair of Beasts)

   It affects your strength (+4).
Jewellery
 c - an uncursed ring of protection from cold
 g - an uncursed amulet of regeneration
 v - an uncursed ring of see invisible
 A - an amulet of the acrobat (around neck)
 C - an uncursed ring of protection from cold
 D - a +6 ring of dexterity (left hand)
 F - an uncursed ring of protection from fire
 Q - a ring of stealth (right hand)
Wands
 h - a wand of digging (18)
 t - a wand of enslavement (17)
 B - a wand of polymorph (9)
 I - a wand of iceblast (9)
 L - a wand of paralysis (11)
 M - a wand of random effects (17)
Scrolls
 b - 10 scrolls of amnesia
 e - a scroll of blinking
 i - 5 scrolls of enchant armour
 k - a scroll of torment {unknown}
 l - a scroll of enchant weapon {unknown}
 o - 8 scrolls of remove curse {@r2}
 p - 2 scrolls of immolation
 r - a scroll of holy word {unknown}
 y - 4 scrolls of teleportation {@r4}
 z - a scroll of summoning
 H - a scroll of vulnerability {unknown}
 N - 3 scrolls of magic mapping
 P - 2 scrolls of fog
 S - a scroll of silence {unknown}
Potions
 f - 4 potions of curing {@q1}
 m - 2 potions of brilliance
 n - 3 potions of heal wounds {@q2}
 w - 2 potions of stabbing
 x - a potion of resistance
 G - a potion of berserk rage {unknown}
 J - 2 potions of ambrosia
 O - a potion of invisibility {unknown}
 U - a potion of might {unknown}
 V - a potion of cancellation {unknown}
Miscellaneous
 K - a tin of tremorstones (3/3)
Comestibles
 T - 34 rations {@e1}

Dungeon Overview and Level Annotations

Branches:
Dungeon (13/15)            Temple (1/1) D:7            Lair (6/6) D:10
  Swamp (0/4) Lair:4       Spider (0/4) Lair:2        Slime (0/5) Lair:5
    Orc (0/2) D:10        Gauntlet (1/1)
 Vaults: D:13-14

Altars:
Ashenzari
Cheibriados
Dithmenos
Elyvilon
Fedhas
Gozag
Hepliaklqana
Kikubaaqudgha
Makhleb
Okawaru
Sif Muna
Trog
Uskayaw
Vehumet
Wu Jian
Xom
Yredelemnul
Zin
The Shining One

Shops:
D:6 =%   D:13 [

Annotations:
D:3 exclusion: ice beast
Lair:2 exclusions: catoblepas and dire elephant
Lair:3 Rupert
Lair:4 1 runed translucent door, 0gre's ghost, journeyman GnIE Gauntlet 1 transporter

▒8 ▒8▒ ▒8▒ ▒8▒ 8▒
▒▒▒▒▒▒▒▒▒▒▒▒▒▒▒▒▒▒▒▒▒▒▒▒▒
........................
................... ... .
▒▒▒▒▒▒▒▒▒▒▒...▒▒▒▒▒ ▒▒ ▒..
▒....▓..▓.▒.8.▒...▓ ▒▓▓.▒..
▒...▒P.▓..▒...▒▓▓.▓▓..▒.▒..
▒..▓..▓P.▓▒▒▒▒▒▓▓3©..▒▒.▒..
▒.▓..▓..▓.▒...▒.@▒▓▓.▓▒)▒..
▒▒.©▒..▒.©▒©.©▒▓▓.▓ .▒. ▒..
▒.▓..▓..▓.▒...▒.▓§...▓▒[▒ .
▒..▓..▓P.▓▒▒▒▒▒.§.▓▓.▒▒=▒..
▒...▒†.▓.[▒...▒▓▓.▓ .3..▒..
▒....▓..▓.▒...▒▓▓....▓▓.▒..
▒▒▒▒▒▒▒▒▒▒▒...▒▒▒▒▒▒▒▒ ▒§§
............≈...... .
...........≈8≈....


You could see 2 sixfirhies.


Message History

Confirm with . or Enter, or press ? or * to list all spells.
You conjure some foxfire!
The foxfire hits the sixfirhy!
The sixfirhy is heavily wounded.
The sixfirhy barely misses you.
The sixfirhy hits you but does no damage.
Your foxfire dissipates!
The foxfire hits the sixfirhy but does no damage.
The sixfirhy is heavily wounded.
The sixfirhy completely misses you. You block the sixfirhy's attack.
Casting: Foxfire (safe; 1% risk of failure)
Confirm with . or Enter, or press ? or * to list all spells.
You conjure some foxfire!
The sixfirhy misses you. The sixfirhy completely misses you.
Casting: Foxfire (safe; 1% risk of failure)
Confirm with . or Enter, or press ? or * to list all spells.
Nothing appears to happen.
The foxfire hits the sixfirhy!
The sixfirhy is heavily wounded.
Casting: Foxfire (safe; 1% risk of failure)
Confirm with . or Enter, or press ? or * to list all spells.
You conjure some foxfire!
The sixfirhy hits you.
* * * LOW HITPOINT WARNING * * *
The sixfirhy shocks you!
* * * LOW HITPOINT WARNING * * *
A sixfirhy comes into view.
The foxfire hits the sixfirhy.
The sixfirhy is severely wounded.
The sixfirhy hits you!
* * * LOW HITPOINT WARNING * * *
The sixfirhy shocks you!
You die...

Skill      XL: |  1  2  3  4  5  6  7  8  9 10 11 12 13 14 |
---------------+-------------------------------------------+-----
Air Magic      | 5 6 7 8 10 11 12 14 15 | 15.3
Conjurations   | 2 3 4 6 7 9 12 | 12.6
Spellcasting   | 3 4 6 8 |  8.0
Fighting       | 2 3 6 10 11 12 14 | 14.0
Dodging        | 4 5 7 9 10 11 | 11.1
Shields        | 4 |  4.0
Poison Magic   | 4 |  4.0
Stealth        | |  2.0

Action                   |  1- 3 |  4- 6 |  7- 9 | 10-12 | 13-15 || total
-------------------------+-------+-------+-------+-------+-------++-------
Melee: Whip              |     4 |     7 |       |    27 |    25 ||    63
       Kick              |     2 |     2 |       |     5 |     8 ||    17
       Peck              |       |       |       |     1 |     5 ||     6
 Cast: Shock             |    76 |   133 |   189 |   341 |   261 ||  1000
       Static Discharge  |       |     3 |    15 |    62 |    81 ||   161
       Airstrike         |       |       |    25 |   115 |   192 ||   332
       Foxfire           |       |       |    10 |       |    22 ||    32
       Swiftness         |       |       |     1 |       |     1 ||     2
       Lightning Bolt    |       |       |       |     7 |    19 ||    26
       Olgreb's Toxic Ra |       |       |       |     2 |    10 ||    12
 Abil: Fly               |       |     1 |       |       |       ||     1
Evoke: Wand              |       |       |       |     2 |     6 ||     8
  Use: Scroll            |       |     7 |     1 |    11 |     7 ||    26
       Potion            |       |       |       |     5 |     3 ||     8
  Eat: Chunk             |     3 |     6 |    12 |    26 |    29 ||    76
       Ration            |       |     1 |     3 |     6 |     8 ||    18
Armor: Robe              |     3 |     7 |     9 |     9 |     4 ||    32
       Skin              |       |       |       |    20 |       ||    20
       Leather armour    |       |       |       |       |     5 ||     5
Dodge: Dodged            |    23 |    25 |    57 |   230 |   231 ||   566
Block: Buckler           |       |       |     9 |    79 |    45 ||   133

Levels and vault maps discovered:
D:1:      minmay_arrival_split_and_join, layout_loops_ring
D:2:      layout_loops_corners
D:3:      layout_basic, bloody_makhleb
D:4:      layout_cave_pools, fedhas_altar_fruit_tree, uniq_grinder,
          uniq_eustachio
D:5:      cheibrodos_helix_gallery, layout_cave_pools, first_ration,
          dk_vineyard_3
D:6:      layout_cave_pods, serial_shops, nicolae_shop_behind_doors,
          minmay_shop_enchanted_jewellery
D:7:      layout_gridville, minmay_temple_entry_offerings
D:8:      layout_rooms, nicolae_overflow_hidden_temple, old_standard_altar
D:9:      layout_rooms, lemuel_doored_altar, special_room [special_room_bee],
          uniq_harold, uniq_erica
D:10:     layout_cave_pools, david_lair_shrubbed, orc_0_dummy
D:11:     layout_basic, uniq_urug
D:12:     layout_gridville
D:13:     layout_roguey, serial_shops, shop, gauntlet_entry_generic, basic_altar
Temple:   eino_wide_crystal_templ
Lair:1:   layout_cave_pods, special_room, minmay_lair_oklob_chamber,
          lemuel_fruit_tree, grunt_megastairs_1, infiniplex_staircase_pool_2
Lair:2:   gammafunk_lair_enchanted_lake, layout_misc_corridors,
          spider_nest_entry_webs, grunt_megastairs_3
Lair:3:   layout_cave_pods, uniq_rupert
Lair:4:   layout_roguey, nicolae_swamp_entry_splash_gauntlet,
          portal_ice_cave_rime, ebering_ghost_funeral_grove
Lair:5:   layout_gridlike, nicolae_slime_entry_slimehenge, serial_bayou_pond_e
Lair:6:   gammafunk_lair_ancient_temple, layout_long_grid,
          kennysheep_basilisk_garden
Gauntlet: gammafunk_gauntlet_hard_choice [nicolae_gauntlet_arena_quarters,
          gammafunk_gauntlet_arena_hedges,
          gammafunk_gauntlet_arena_split_diamond,
          gammafunk_gauntlet_arena_arrow_garden,
          gammafunk_gauntlet_arena_corners, gammafunk_gauntlet_arena_crates,
          gauntlet_exit_green]

Notes
Turn   | Place    | Note
-------+----------+-------------------------------------------
     0 | D:1      | stebl the Tengu Air Elementalist began the quest for the
                  | Orb.
     0 | D:1      | Reached XP level 1. HP: 10/10 MP: 4/4
   314 | D:1      | Reached XP level 2. HP: 15/15 MP: 0/6
   900 | D:1      | Reached skill level 5 in Air Magic
  1135 | D:2      | Reached XP level 3. HP: 19/19 MP: 3/7
  1227 | D:2      | Learned a level 2 spell: Swiftness
  1231 | D:2      | Learned a level 3 spell: Static Discharge
  1700 | D:2      | Reached XP level 4. HP: 21/24 MP: 0/8
  2390 | D:3      | Noticed an ice beast
  2442 | D:3      | Reached skill level 2 in Conjurations
  2510 | D:3      | Found a burning altar of Makhleb.
  2638 | D:3      | Reached skill level 6 in Air Magic
  2855 | D:3      | Gained mutation: You can fly continuously. [Tengu growth]
  2855 | D:3      | Reached XP level 5. HP: 28/28 MP: 6/10
  2967 | D:3      | Reached skill level 3 in Spellcasting
  2977 | D:3      | Learned a level 4 spell: Airstrike
  3840 | D:4      | Reached skill level 3 in Conjurations
  3864 | D:4      | Reached skill level 7 in Air Magic
  3910 | D:4      | Noticed Grinder
  3953 | D:3      | Reached XP level 6. HP: 28/32 MP: 2/11
  4517 | D:4      | Reached skill level 1 in Fighting
  4517 | D:4      | Reached skill level 8 in Air Magic
  4607 | D:4      | Noticed a phantom
  4626 | D:4      | Paralysed by Grinder for 3 turns
  4732 | D:4      | Noticed Eustachio
  4771 | D:4      | Paralysed by Grinder for 4 turns
  4776 | D:4      | Killed Grinder
  4776 | D:4      | Reached skill level 2 in Fighting
  4776 | D:4      | Reached XP level 7. HP: 18/40 MP: 6/12
  4903 | D:4      | Reached skill level 9 in Air Magic
  5019 | D:4      | Killed Eustachio
  5124 | D:4      | Reached skill level 3 in Fighting
  5269 | D:4      | Reached skill level 10 in Air Magic
  5269 | D:4      | Reached XP level 8. HP: 48/48 MP: 5/13
  5350 | D:4      | Reached skill level 4 in Fighting
  5490 | D:4      | Found a blossoming altar of Fedhas.
  5603 | D:5      | Entered Level 5 of the Dungeon
  6041 | D:5      | Reached skill level 5 in Fighting
  6041 | D:5      | Reached skill level 3 in Dodging
  6777 | D:6      | Found Ziciejicw's Jewellery Shop.
  6792 | D:6      | Reached skill level 6 in Fighting
  6792 | D:6      | Reached skill level 4 in Dodging
  7130 | D:6      | Found Bueg's Food Emporium.
  7520 | D:7      | Found a staircase to the Ecumenical Temple.
  7530 | Temple   | Entered the Ecumenical Temple
  7580 | Temple   | Became a worshipper of Vehumet
  7700 | D:7      | Reached skill level 4 in Conjurations
  7771 | D:7      | Reached skill level 4 in Spellcasting
  7771 | D:7      | Reached XP level 9. HP: 55/55 MP: 3/16
  8042 | D:7      | Reached skill level 5 in Spellcasting
  8525 | D:7      | Reached skill level 1 in Shields
  8566 | D:7      | Reached skill level 2 in Shields
  8591 | D:8      | Found a shadowy altar of Dithmenos.
  8591 | D:8      | Found a glowing golden altar of the Shining One.
  8635 | D:8      | Reached skill level 3 in Shields
  8857 | D:8      | Reached * piety under Vehumet
  8857 | D:8      | Offered knowledge of Foxfire by Vehumet.
  8860 | D:8      | Learned a level 1 spell: Foxfire
  9049 | D:8      | Reached skill level 4 in Shields
  9056 | D:8      | Learned a level 5 spell: Lightning Bolt
  9147 | D:8      | Reached skill level 5 in Conjurations
  9501 | D:8      | Found a bloodstained altar of Trog.
  9643 | D:8      | Reached skill level 6 in Conjurations
  9648 | D:8      | Reached skill level 6 in Spellcasting
  9727 | D:9      | Noticed a queen bee
  9950 | D:8      | Reached skill level 5 in Dodging
  9950 | D:8      | Reached XP level 10. HP: 27/61 MP: 0/20
 10210 | D:9      | Noticed Harold
 10223 | D:9      | Killed Harold
 10223 | D:9      | Reached skill level 7 in Fighting
 10223 | D:9      | Reached skill level 6 in Dodging
 10248 | D:9      | Noticed Erica
 11016 | D:9      | Killed Erica
 11016 | D:9      | Reached skill level 8 in Fighting
 11016 | D:9      | Reached skill level 7 in Dodging
 11193 | D:8      | Reached skill level 9 in Fighting
 11369 | D:8      | HP: 9/99 [poisoned by a killer bee]
 11376 | D:8      | HP: 6/66 [poisoned by a killer bee]
 11384 | D:8      | HP: 5/66 [poisoned by a killer bee]
 11773 | D:9      | Reached ** piety under Vehumet
 11773 | D:9      | Offered knowledge of Magic Dart by Vehumet.
 12142 | D:9      | Found a shattered altar of Ashenzari.
 12309 | D:10     | Entered Level 10 of the Dungeon
 12526 | D:10     | Found a staircase to the Lair.
 12526 | D:10     | Found a staircase to the Orcish Mines.
 12527 | D:10     | Noticed a two-headed ogre
 12610 | D:10     | Reached skill level 10 in Fighting
 12725 | D:10     | Reached XP level 11. HP: 72/72 MP: 14/21
 13074 | D:10     | Offered knowledge of Inner Flame by Vehumet.
 13290 | D:10     | Killed a two-headed ogre
 13494 | Lair:1   | Entered Level 1 of the Lair of Beasts
 13652 | Lair:1   | Noticed an oklob plant
 13671 | Lair:1   | Reached skill level 11 in Air Magic
 13777 | Lair:1   | Reached skill level 7 in Conjurations
 14006 | Lair:1   | Reached *** piety under Vehumet
 14248 | Lair:1   | Noticed a seven-headed hydra
 14360 | Lair:2   | Noticed a six-headed hydra
 15081 | Lair:2   | Noticed a five-headed hydra
 15086 | Lair:2   | Killed a five-headed hydra
 15254 | Lair:2   | Reached skill level 8 in Dodging
 15412 | Lair:2   | Noticed a dire elephant
 15412 | Lair:2   | Noticed a catoblepas
 15434 | Lair:2   | Found a runed translucent door.
 15732 | Lair:2   | Killed a six-headed hydra
 15732 | Lair:2   | Reached skill level 11 in Fighting
 15898 | Lair:2   | Reached skill level 9 in Dodging
 16037 | Lair:2   | Offered knowledge of Olgreb's Toxic Radiance by Vehumet.
 16037 | Lair:2   | Reached XP level 12. HP: 72/80 MP: 14/22
 16259 | Lair:2   | Found a hole to the Spider Nest.
 17391 | Lair:3   | Noticed Rupert
 17614 | Lair:4   | Reached skill level 10 in Dodging
 17976 | Lair:4   | Found a runed translucent door.
 17979 | Lair:4   | Identified the +5 spear "Urhab" {protect, rElec}
 17979 | Lair:4   | Noticed a spriggan rider
 17979 | Lair:4   | Noticed 0gre's ghost (journeyman GnIE)
 17983 | Lair:4   | Noticed a spriggan rider
 18094 | Lair:3   | Reached skill level 12 in Fighting
 18100 | Lair:3   | Learned a level 4 spell: Olgreb's Toxic Radiance
 18187 | Lair:4   | Reached **** piety under Vehumet
 18187 | Lair:4   | Reached skill level 8 in Conjurations
 18924 | Lair:5   | Reached skill level 12 in Air Magic
 18929 | Lair:5   | Reached skill level 7 in Spellcasting
 18930 | Lair:5   | Reached skill level 9 in Conjurations
 19332 | Lair:5   | Offered knowledge of Dazzling Flash by Vehumet.
 19511 | Lair:5   | Found a staircase to the Slime Pits.
 19664 | Lair:5   | Reached skill level 8 in Spellcasting
 19823 | Lair:5   | Noticed a six-headed hydra
 19828 | Lair:5   | Killed a six-headed hydra
 20011 | Lair:5   | Reached XP level 13. HP: 79/87 MP: 3/26
 20609 | Lair:6   | Entered Level 6 of the Lair of Beasts
 20692 | Lair:6   | Reached skill level 1 in Poison Magic
 20830 | Lair:6   | Reached skill level 2 in Poison Magic
 20953 | Lair:6   | Reached skill level 3 in Poison Magic
 22062 | Lair:6   | Reached skill level 13 in Fighting
 23239 | Lair:6   | Got a faintly glowing leather armour
 23318 | Lair:6   | Reached skill level 13 in Air Magic
 24343 | Lair:6   | Reached ***** piety under Vehumet
 24554 | Lair:6   | Offered knowledge of Irradiate by Vehumet.
 25089 | Lair:6   | Reached skill level 14 in Fighting
 25096 | Lair:6   | Reached skill level 14 in Air Magic
 25244 | Lair:4   | You are sucked into a shaft and drop 2 floors!
 25883 | Lair:4   | Found a staircase to the Swamp.
 26147 | Lair:3   | Identified 2 potions of resistance
 26403 | Lair:3   | Identified the +2 leather armour of Dishonour {Str+4} (You
                  | found it on level 6 of the Lair of Beasts)
 26539 | Lair:2   | Reached skill level 4 in Poison Magic
 26989 | Lair:2   | Reached XP level 14. HP: 75/96 MP: 0/27
 28624 | D:11     | Reached skill level 10 in Conjurations
 28720 | D:11     | Noticed Urug
 28731 | D:11     | Killed Urug
 29079 | D:11     | Reached skill level 15 in Air Magic
 29282 | D:11     | Paralysed by an ogre mage for 5 turns
 29292 | D:11     | Reached skill level 11 in Conjurations
 30758 | D:12     | Reached skill level 12 in Conjurations
 31231 | D:13     | Found a burning altar of Makhleb.
 31373 | D:13     | Found Tepneg's Antique Armour Shop.
 31392 | D:13     | Found a gate leading to a gauntlet.
 31398 | Gauntlet | Entered a Gauntlet
 31398 | Gauntlet | Found a transporter.
 31398 | Gauntlet | Found a transporter.
 31407 | Gauntlet | Found a transporter.
 31425 | Gauntlet | Found a transporter.
 31597 | Gauntlet | Found a transporter.
 31600 | Gauntlet | Found a transporter.
 31604 | Gauntlet | Reached skill level 11 in Dodging
 31855 | Gauntlet | HP: 8/96 [sixfirhy (7)]
 31855 | Gauntlet | Slain by a sixfirhy

Vanquished Creatures
  An ogre mage (D:11)
  Harold (D:9)
  8 hydras
  A merfolk avatar (Lair:6)
  Erica (D:9)
  2 death yaks (Lair:6)
  7 two-headed ogres
  2 death scarabs (Gauntlet)
  Urug (D:11)
  A sea snake (Lair:6)
  A sixfirhy (Gauntlet)
  A necromancer (Gauntlet)
  2 oklob plants (Lair:1)
  3 cyclopes
  6 elephants
  2 manticores (Lair:6)
  A torpor snail (Lair:4)
  2 black mambas
  9 spiny frogs
  10 komodo dragons
  6 rime drakes
  A wind drake (Lair:6)
  4 polar bears
  5 hornets
  22 blink frogs
  Grinder (D:4)
  7 dream sheep (Lair:5)
  5 hippogriffs
  3 slime creatures (D:12)
  A redback (Lair:2)
  A shadow (D:10)
  5 wyverns
  7 yaks
  6 basilisks
  Eustachio (D:4)
  2 spectral komodo dragons (Gauntlet)
  A hungry ghost (D:8)
  4 vampire mosquitoes (D:12)
  4 swamp worms (Lair:4)
  A spectral spiny frog (Gauntlet)
  6 porcupines
  11 water moccasins
  3 orc warriors
  A spectral torpor snail (Gauntlet)
  2 phantoms
  A black bear (D:6)
  2 ice beasts
  6 wolves (Gauntlet)
  2 sky beasts
  6 ogres
  A necrophage (D:10)
  7 centaurs
  20 crocodiles
  12 bullfrogs
  A gnoll sergeant (D:12)
  A wyvern skeleton (D:11)
  2 scorpions
  30 killer bees
  7 wights
  An electric eel (Lair:4)
  7 crimson imps
  7 jellies
  7 orc priests
  4 hounds
  3 centaur skeletons
  2 iguanas (D:4)
  14 orc wizards
  4 worker ants
  A hound zombie (D:7)
  A hound skeleton (D:4)
  8 gnolls
  11 adders
  3 oozes (Lair:5)
  2 worms
  A dart slug (D:1)
  6 leopard geckos
  47 orcs
  11 giant cockroaches
  4 goblins
  9 hobgoblins
  4 jackals (D:2)
  4 kobolds
  5 quokkas
  A ball python (D:5)
  8 bats
  3 frilled lizards
  2 jackal skeletons
  A leopard gecko zombie (D:8)
  5 rats
  A fungus (Lair:5)
  A plant (Lair:5)
  3 withered plants (Gauntlet)
461 creatures vanquished.

Vanquished Creatures (others)
  4 blink frogs (Lair:5)
  A bush (Lair:6)
  40 foxfires
  33 fungi
  46 plants
  10 toadstools (Lair:2)
  12 withered plants (Gauntlet)
146 creatures vanquished.

Grand Total: 607 creatures vanquished

Table legend:
 A = Turns spent in this place as a percentage of turns spent in the entire game.
 B = Non-inter-level travel turns spent in this place as a percentage of non-inter-level travel turns spent in the entire game.
 C = Inter-level travel turns spent in this place as a percentage of turns spent in this place.
 D = Turns resting spent in this place as a percentage of non-inter-level travel turns spent in this place.
 E = Turns spent auto-exploring this place as a percentage of non-inter-level travel turns spent in this place.
 F = Non-inter-level travel turns spent in this place divided by the number of levels of this place that you've seen.
                   A       B       C       D       E      F
               +-------+-------+-------+-------+-------+----------------------
         Total | 100.0 | 100.0 |   3.7 |  45.8 |  40.7 | 1460.6
       Dungeon |  52.4 |  52.5 |   3.6 |  39.5 |  47.5 | 1237.9
        Temple |   0.2 |   0.2 |  30.7 |   0.0 |  84.6 |  52.0
          Lair |  45.9 |  45.9 |   3.8 |  52.3 |  34.1 | 2345.0
      Gauntlet |   1.4 |   1.5 |   0.0 |  75.1 |   0.0 | 457.0
               +-------+-------+-------+-------+-------+----------------------

Table legend:
 A = Non-vault XP
 B = Vault XP
 C = Vault XP percentage of total XP
 D = Non-vault monster count
 E = Vault monster count
 F = Vault count percentage of total count
                 A         B        C        D         E       F
            +---------+---------+-------+---------+---------+-------
      Total |   50041 |   26205 |  34.4 |     357 |      99 |  21.7
            +---------+---------+-------+---------+---------+-------
        D:1 |      32 |       0 |   0.0 |      18 |       0 |   0.0
        D:2 |      71 |       0 |   0.0 |      19 |       0 |   0.0
        D:3 |     177 |       0 |   0.0 |      26 |       0 |   0.0
        D:4 |     561 |     446 |  44.3 |      27 |       2 |   6.9
        D:5 |     336 |      33 |   8.9 |      13 |       1 |   7.1
        D:6 |     510 |       0 |   0.0 |      12 |       0 |   0.0
        D:7 |    1030 |       0 |   0.0 |      17 |       0 |   0.0
        D:8 |    1191 |     626 |  34.5 |      23 |      10 |  30.3
        D:9 |     837 |    2501 |  74.9 |      19 |      11 |  36.7
       D:10 |    2472 |       0 |   0.0 |      26 |       0 |   0.0
       D:11 |    9121 |     871 |   8.7 |      24 |       1 |   4.0
       D:12 |    4468 |       0 |   0.0 |      28 |       0 |   0.0
       D:13 |     490 |       0 |   0.0 |       3 |       0 |   0.0
     Lair:1 |    1886 |    1287 |  40.6 |       6 |       3 |  33.3
     Lair:2 |    4232 |    3897 |  47.9 |      18 |      13 |  41.9
     Lair:3 |    2817 |       0 |   0.0 |      13 |       0 |   0.0
     Lair:4 |    2771 |    1423 |  33.9 |      12 |       7 |  36.8
     Lair:5 |    7314 |     150 |   2.0 |      29 |       6 |  17.1
     Lair:6 |    9725 |   10490 |  51.9 |      24 |      31 |  56.4
   Gauntlet |       0 |    4481 | 100.0 |       0 |      14 | 100.0
            +---------+---------+-------+---------+---------+-------
